 Dungeon Crawl Stone Soup version 0.23.2-40-g277498a001 (webtiles) character file.

Game seed: 13240826135755369225

11929 DildoBatman the Blocker (level 12, -5/78 HPs)
             Began as a Formicid Wizard on Sept 11, 2019.
             Was a High Priest of Kikubaaqudgha.
             Hit by a large rock thrown by a cyclops (37 damage)
             ... on level 1 of the Orcish Mines.
             The game lasted 01:00:40 (11997 turns).

DildoBatman the Blocker (Formicid Wizard)          Turns: 11997, Time: 01:00:41

Health: -5/78      AC:  8    Str: 13    XL:     12   Next: 13%
Magic:  4/22       EV: 12    Int: 22    God:    Kikubaaqudgha [*****.]
Gold:   641        SH: 10    Dex:  9    Spells: 3/25 levels left

rFire    . . .     SeeInvis +   a - +2 trident (protect)
rCold    . . .     Gourm    .   I - +0 shield
rNeg     . . .     Faith    .   p - +0 robe
rPois    .         Spirit   .   (helmet unavailable)
rElec    .         Reflect  .   h - +2 cloak
rCorr    .         Harm     .   (no gloves)
MR       +....                  (no boots)
Stlth    ++........             (no amulet)
HPRegen  0.23/turn              w - +3 ring of protection
MPRegen  0.18/turn              O - +4 ring of slaying

@: no status effects
A: permanent stasis, dig shafts and tunnels, four strong arms, antennae 3
a: Dig, Shaft Self, Receive Corpses, Torment, Renounce Religion


You were on level 1 of the Orcish Mines.
You worshipped Kikubaaqudgha.
Kikubaaqudgha was extremely pleased with you.
You were not hungry.

You visited 3 branches of the dungeon, and saw 13 of its levels.

You collected 641 gold pieces.

Inventory:

Hand Weapons
 a - a +2 trident of protection (weapon)
 b - a +0 trident of venom
 c - a +0 hunting sling
 d - a +2 hand axe of flaming
 e - a +0 blowgun
Missiles
 g - 340 stones (quivered)
 j - 81 sling bullets
 n - 79 bolts
 y - 80 poisoned needles
 B - 6 needles of paralysis
 E - 24 tomahawks
 G - 5 poisoned javelins
 M - 317 arrows
Armour
 h - a +2 cloak (worn)
 p - a +0 robe (worn)
 I - a +0 shield (worn)
Jewellery
 f - an uncursed ring of protection from cold
 u - an uncursed ring of resist corrosion
 w - a +3 ring of protection (left hand)
 O - a +4 ring of slaying (right hand)
Wands
 t - a wand of paralysis (3)
Scrolls
 l - 2 scrolls of magic mapping {unknown}
 o - 4 scrolls of immolation
 s - 2 scrolls of teleportation {unknown}
 x - 5 scrolls of remove curse
 z - 2 scrolls of identify
 H - a scroll of fog {unknown}
 L - 2 scrolls of enchant weapon {unknown}
 S - 2 scrolls of blinking {unknown}
Potions
 i - 4 potions of heal wounds
 k - a potion of mutation {unknown}
 m - 3 potions of curing
 q - 2 potions of flight
 r - a potion of brilliance
 D - 3 potions of might
 F - a potion of agility
 N - a potion of invisibility
 P - a potion of magic
 Q - a potion of lignification
Miscellaneous
 A - a fan of gales
 K - a phantom mirror
Comestibles
 v - 21 rations


   Skills:
 - Level 2.0 Fighting
 - Level 2.0 Polearms
 - Level 1.7 Dodging
 - Level 2.4 Stealth
 - Level 9.5 Shields
 - Level 7.2 Spellcasting
 - Level 6.0 Conjurations
   Level 1.0 Summonings
 * Level 7.2 Necromancy
   Level 0.8 Translocations
 - Level 5.3 Fire Magic
 - Level 5.0 Air Magic
 * Level 8.1 Earth Magic
 - Level 5.4 Poison Magic


You had 3 spell levels left.
You knew the following spells:

 Your Spells              Type           Power        Failure   Level  Hunger
a - Conjure Flame         Conj/Fire      ####....     2%          3    None
b - Borgnjor's Vile Clut  Necr/Erth      #####.....   10%         5    #####..
c - Magic Dart            Conj           ####         1%          1    None
d - Vampiric Draining     Necr           #####.....   1%          3    None
e - Mephitic Cloud        Conj/Pois/Air  ####....     2%          3    None
h - Dispel Undead         Necr           #####...     11%         5    #####..
z - Sublimation of Blood  Necr           #####.....   1%          2    None

Your spell library contained the following spells:

 Spells                   Type           Power        Failure   Level  Hunger
 Pain                     Necr           ####         1%          1    None
 Corpse Rot               Necr           N/A          1%          2    None
 Call Imp                 Summ           ##......     9%          2    None
 Slow                     Hex            #.......     12%         2    None
 Agony                    Necr           #####...     11%         5    #####..
 Excruciating Wounds      Chrm/Necr      ###.......   45%         5    #####..
 Simulacrum               Ice/Necr       ###.......   95%         6    ######.
 Blink                    Tloc           Unusable     N/A         2    N/A

Dungeon Overview and Level Annotations

Branches:
Dungeon (11/15)            Temple (1/1) D:4            Lair (0/6) D:10
    Orc (1/2) D:11

Altars:
Ashenzari
Cheibriados
Dithmenos
Elyvilon
Fedhas
Gozag
Hepliaklqana
Kikubaaqudgha
Makhleb
Nemelex Xobeh
Okawaru
Qazlal
Ru
Sif Muna
Trog
Uskayaw
Vehumet
Wu Jian
Xom
Yredelemnul
Zin
The Shining One

Shops:
D:4 }   D:6 [   D:7 :

Annotations:
Orc:1 Maurice


Innate Abilities, Weirdness & Mutations

You cannot be hasted, slowed, berserked, paralysed or teleported.
You can dig through walls and to a lower floor.
Your four strong arms can wield two-handed weapons with a shield.
You have a pair of large antennae on your head. (SInv)


Message History

The cyclops seems less confused.
Maurice is engulfed in noxious fumes.
Maurice zaps a wand.
You resist with almost no effort.
Casting: Sublimation of Blood (safe; 1% risk of failure)
Confirm with . or Enter, or press ? or * to list all spells.
Aiming: Mephitic Cloud (safe; 2% risk of failure)
Press: ? - help, Shift-Dir - straight line, f/p - Maurice
Aim: Maurice, wielding a +0 short sword, wearing a +0 cloak and carrying a wand of paralysis (10) (noxious fumes, lightly wounded)
Okay, then.
Aiming: Paralyse
Press: ? - help, Shift-Dir - straight line, f/p - Maurice
Aim: Maurice, wielding a +0 short sword, wearing a +0 cloak and carrying a wand of paralysis (10) (noxious fumes, lightly wounded, chance to defeat MR: 46%)
Okay, then.
Unknown command.
You feel much better.
The cyclops throws a large rock.
The large rock hits you!!!
You die...
Kikubaaqudgha rasps: "You have failed me!
Welcome... death!"

...$..........#
...............#
...............#
...............#
..#...........##
................
.....@.....(...#
.....°..($....#
....°..@..C...#
.#...........##
#..........##
##.#.#......#
##.........#
##.#.....##
###....## #....#
#.$.$#


You could see Maurice and a cyclops.

Vanquished Creatures
  A hydra (D:10)
  A two-headed ogre (D:9)
  An orange crystal statue (D:8)
  An unseen horror (D:10)
  An ugly thing (D:11)
  A cyclops (Orc:1)
  Joseph (D:9)
  2 kobold demonologists (D:11)
  A gargoyle (D:10)
  The ghost of terix the Skirmisher, an amateur HOFi of Okawaru (D:5)
  2 dream sheep (D:10)
  2 yaks (D:10)
  A steam dragon (D:7)
  A wyvern (D:10)
  2 hungry ghosts
  A warg (D:11)
  8 orc warriors
  2 ice beasts (D:10)
  2 sky beasts
  6 phantoms
  An ogre (D:6)
  7 centaurs
  6 big kobolds
  A gnoll sergeant (D:10)
  5 bullfrogs
  A water moccasin skeleton (D:9)
  15 killer bees
  2 scorpions
  3 howler monkeys
  14 wights
  3 crimson imps
  A bullfrog zombie (D:11)
  7 orc priests
  A bullfrog skeleton (D:9)
  2 jellies
  A centaur zombie (D:9)
  3 hounds
  16 orc wizards
  Jessica (D:5)
  Natasha (thrice) (D:3)
  2 iguanas (D:11)
  15 worker ants
  Terence (D:2)
  A hound zombie (D:9)
  A howler monkey skeleton (D:5)
  4 gnolls (D:10)
  8 adders
  3 shadow imps
  An adder skeleton (D:5)
  3 worms
  4 dart slugs
  5 leopard geckos
  55 orcs
  2 ball pythons
  A giant cockroach (D:5)
  5 hobgoblins
  7 jackals
  3 quokkas
  10 bats
  8 frilled lizards
  6 goblins
  2 jackal zombies
  18 kobolds
  A leopard gecko skeleton (D:9)
  5 rats
302 creatures vanquished.

Vanquished Creatures (others)
  An orc wizard (D:10)
1 creature vanquished.

Grand Total: 303 creatures vanquished

Notes
Turn   | Place    | Note
-------+----------+-------------------------------------------
     0 | D:1      | DildoBatman the Formicid Wizard began the quest for the
                  | Orb.
     0 | D:1      | Reached XP level 1. HP: 13/13 MP: 4/4
     4 | D:1      | Reached skill level 1 in Conjurations
   235 | D:1      | Reached XP level 2. HP: 19/19 MP: 4/6
   562 | D:1      | Reached XP level 3. HP: 20/24 MP: 0/7
   567 | D:1      | Learned a level 3 spell: Conjure Flame
   571 | D:1      | Learned a level 3 spell: Mephitic Cloud
   986 | D:2      | Noticed Terence
  1573 | D:3      | Reached XP level 4. HP: 30/30 MP: 4/8
  1594 | D:3      | Reached skill level 1 in Shields
  2287 | D:3      | Reached skill level 2 in Shields
  2475 | D:3      | Found a sparkling altar of Nemelex Xobeh.
  2861 | D:4      | Reached XP level 5. HP: 35/35 MP: 9/9
  2913 | D:4      | Reached skill level 3 in Shields
  2976 | D:4      | Noticed Natasha
  3347 | D:4      | Found a deep blue altar of Sif Muna.
  3407 | D:4      | Reached skill level 1 in Fighting
  3407 | D:4      | Reached skill level 1 in Polearms
  3501 | D:4      | Found Saadd's Gadget Boutique.
  3532 | D:4      | Found a staircase to the Ecumenical Temple.
  3538 | Temple   | Entered the Ecumenical Temple
  3736 | Temple   | Became a worshipper of Kikubaaqudgha
  3875 | D:3      | Killed Natasha
  3875 | D:3      | Reached XP level 6. HP: 36/44 MP: 7/10
  4022 | D:3      | Noticed Natasha
  4026 | D:3      | Killed Natasha
  4113 | D:3      | Noticed Natasha
  4120 | D:3      | Killed Natasha
  4120 | D:3      | Reached skill level 1 in Poison Magic
  4151 | D:2      | Killed Terence
  4402 | D:5      | Entered Level 5 of the Dungeon
  4475 | D:5      | Reached skill level 1 in Fire Magic
  4490 | D:5      | Noticed a sky beast
  4512 | D:5      | Killed a sky beast
  4512 | D:5      | Reached skill level 1 in Air Magic
  4512 | D:5      | Reached XP level 7. HP: 43/50 MP: 6/11
  4729 | D:5      | HP: 2/50 [poisoned by a worker ant]
  4737 | D:5      | HP: 2/50 [poisoned by a worker ant]
  4975 | D:5      | Reached XP level 8. HP: 45/56 MP: 5/12
  4983 | D:5      | Reached * piety under Kikubaaqudgha
  4983 | D:5      | Identified Kikubaaqudgha's Papyrus of Evil (Kikubaaqudgha
                  | gifted it to you on level 5 of the Dungeon)
  4983 | D:5      | Received a gift from Kikubaaqudgha
  4984 | D:5      | Noticed Jessica
  5035 | D:5      | Killed Jessica
  5071 | D:5      | Found a sparkling altar of Nemelex Xobeh.
  5301 | D:5      | Found a runed translucent door.
  5302 | D:5      | Noticed terix's ghost (amateur HOFi)
  5645 | D:6      | Reached skill level 5 in Poison Magic
  5887 | D:6      | Found Istreyvum's Armour Shop.
  6039 | D:7      | Reached skill level 5 in Conjurations
  6073 | D:7      | Reached XP level 9. HP: 61/61 MP: 5/13
  6084 | D:7      | Reached ** piety under Kikubaaqudgha
  6156 | D:7      | Found an opulent altar of Gozag.
  6210 | D:7      | Found Sofaedwe's Book Emporium.
  6223 | D:7      | Reached skill level 5 in Fire Magic
  6750 | D:7      | Learned a level 3 spell: Vampiric Draining
  6753 | D:7      | Learned a level 2 spell: Sublimation of Blood
  7129 | D:8      | Reached skill level 5 in Spellcasting
  7276 | D:8      | You fall through a shaft for 3 floors!
  7313 | D:11     | Reached skill level 5 in Air Magic
  7313 | D:11     | Reached XP level 10. HP: 45/67 MP: 8/18
  7452 | D:11     | Reached *** piety under Kikubaaqudgha
  7452 | D:11     | Identified Kikubaaqudgha's Guide on Unholy Arts
                  | (Kikubaaqudgha gifted it to you on level 11 of the Dungeon)
  7452 | D:11     | Received a gift from Kikubaaqudgha
  7460 | D:11     | Learned a level 5 spell: Dispel Undead
  7485 | D:11     | Reached skill level 1 in Necromancy
  7526 | D:11     | Noticed a red ugly thing
  7750 | D:11     | Learned a level 5 spell: Borgnjor's Vile Clutch
  7858 | D:11     | Reached skill level 1 in Earth Magic
  8035 | D:11     | Found a staircase to the Orcish Mines.
  8061 | D:11     | Killed a red ugly thing
  8363 | D:11     | Noticed a kobold demonologist
  8379 | D:11     | Killed a kobold demonologist
  8388 | D:11     | Noticed a kobold demonologist
  8407 | D:11     | Killed a kobold demonologist
  8407 | D:11     | Reached skill level 5 in Earth Magic
  8858 | D:10     | Entered Level 10 of the Dungeon
  8858 | D:10     | Noticed an unseen horror
  8889 | D:11     | Reached skill level 5 in Necromancy
  9158 | D:10     | Noticed a gargoyle
  9566 | D:10     | Killed a gargoyle
  9566 | D:10     | Reached XP level 11. HP: 70/72 MP: 3/21
  9580 | D:10     | Killed an unseen horror
  9622 | D:10     | Reached **** piety under Kikubaaqudgha
  9699 | D:10     | Reached skill level 4 in Shields
  9759 | D:10     | Reached skill level 5 in Shields
  9903 | D:10     | Reached skill level 6 in Shields
 10086 | D:10     | Reached skill level 7 in Shields
 10152 | D:10     | Noticed a two-headed hydra
 10165 | D:10     | Killed a one-headed hydra
 10165 | D:10     | Reached skill level 8 in Shields
 10278 | D:10     | Found a staircase to the Lair.
 10405 | D:9      | Noticed Joseph
 10489 | D:9      | Noticed a two-headed ogre
 10500 | D:9      | Killed a two-headed ogre
 10500 | D:9      | Reached skill level 9 in Shields
 10540 | D:9      | Reached ***** piety under Kikubaaqudgha
 10801 | D:9      | Killed Joseph
 11087 | D:9      | Found a radiant altar of Vehumet.
 11101 | D:9      | Found a bloodstained altar of Trog.
 11573 | D:8      | Reached XP level 12. HP: 78/78 MP: 20/22
 11812 | D:5      | Killed terix's ghost
 11985 | Orc:1    | Entered Level 1 of the Orcish Mines
 11988 | Orc:1    | Noticed Maurice
 11997 | Orc:1    | Hit by a large rock thrown by a cyclops

Skill      XL: |  1  2  3  4  5  6  7  8  9 10 11 12 |
---------------+-------------------------------------+-----
Conjurations   | 1 2 3 4 5 6 |  6.0
Shields        | 2 3 9 |  9.5
Fighting       | 2 |  2.0
Polearms       | 1 2 |  2.0
Poison Magic   | 2 3 5 |  5.4
Fire Magic     | 1 2 4 5 |  5.3
Air Magic      | 1 2 3 5 |  5.0
Spellcasting   | 5 7 |  7.2
Necromancy     | 5 6 7 |  7.2
Earth Magic    | 5 7 8 |  8.1
Dodging        | |  1.7
Stealth        | |  2.4
Summonings     | |  1.0
Translocations | |  0.8

Action                   |  1- 3 |  4- 6 |  7- 9 | 10-12 || total
-------------------------+-------+-------+-------+-------++-------
Melee: Unarmed           |     1 |       |       |       ||     1
       Dagger            |    18 |    19 |       |       ||    37
       Quarterstaff      |     1 |    16 |       |       ||    17
       Trident           |       |   121 |   364 |   562 ||  1047
       Whip              |       |       |       |     6 ||     6
       Hand axe          |       |       |       |     3 ||     3
 Cast: Magic Dart        |    68 |    53 |    43 |    33 ||   197
       Mephitic Cloud    |       |     9 |    29 |    57 ||    95
       Conjure Flame     |       |     3 |    24 |    45 ||    72
       Vampiric Draining |       |       |       |    10 ||    10
       Dispel Undead     |       |       |       |    14 ||    14
       Borgnjor's Vile C |       |       |       |    11 ||    11
       Sublimation of Bl |       |       |       |     1 ||     1
 Abil: Dig               |       |     9 |     7 |    21 ||    37
Evoke: Wand              |       |       |    10 |     9 ||    19
  Use: Scroll            |       |     3 |     2 |     8 ||    13
       Potion            |       |       |       |     3 ||     3
 Stab: Sleeping          |       |     2 |     1 |     1 ||     4
       Confused          |       |     2 |    17 |    17 ||    36
       Invisible         |       |       |       |     3 ||     3
       Paralysed         |       |       |       |     1 ||     1
  Eat: Chunk             |     1 |     9 |    15 |    24 ||    49
       Ration            |       |     1 |       |     1 ||     2
Armor: Robe              |     9 |    37 |    77 |    82 ||   205
Dodge: Dodged            |    13 |   105 |   144 |   178 ||   440
Block: Buckler           |       |    14 |    42 |    32 ||    88
       Shield            |       |       |       |    47 ||    47
